 Dungeon Crawl Stone Soup version 0.30-a0-373-gd37427bb62 (webtiles) character file.

Game seed: 11969262929145536754

3152 greenreed the Destroyer (level 9, -3/46 HPs)
             Began as a Tengu Conjurer on Nov 24, 2022.
             Was a Believer of Vehumet.
             Slain by a vampire (9 damage)
             ... on level 8 of the Dungeon.
             The game lasted 00:20:13 (7991 turns).

greenreed the Destroyer (Tengu Conjurer)            Turns: 7991, Time: 00:20:14

Health: -3/46      AC:  3    Str:  7    XL:     9   Next: 93%
Magic:  14/22      EV: 15    Int: 23    God:    Vehumet [**....]
Gold:   329        SH:  0    Dex: 13    Spells: 15/25 levels left

rFire   . . .      SeeInvis .    D - +5 rapier (flame)
rCold   . . .      Faith    .    (no shield)
rNeg    . . .      Spirit   .    a - +0 robe
rPois   .          Reflect  .    (helmet restricted)
rElec   .          Harm     .    E - +0 cloak
rCorr   .          Rampage  .    (no gloves)
Will    .....                    (boots unavailable)
Stlth   ++........               s - amulet of regeneration
HPRegen 1.07/turn                o - ring of wizardry
MPRegen 0.18/turn                (no ring)

@: flying quickly and evasively, hasted, very quick
A: beak, talons 3, nimble flight
a: Renounce Religion


You were on level 8 of the Dungeon.
You worshipped Vehumet.
Vehumet was pleased with you.
You visited 2 branches of the dungeon, and saw 9 of its levels.
You also visited: Sewer.

You collected 329 gold pieces.

Inventory:

Hand Weapons
 i - a +1 dagger of draining
 j - a +2 short sword of venom
 D - a +5 rapier of flaming (weapon)
Missiles
 x - 3 curare-tipped darts
 z - 5 poisoned darts
Armour
 a - a +0 robe (worn)
 E - a +0 cloak (worn)
Magical Staves
 w - a staff of death
Jewellery
 o - a ring of wizardry (left hand)
 s - an amulet of regeneration (around neck)
Wands
 B - a wand of flame (5)
Scrolls
 c - 9 scrolls of identify {unknown}
 e - a scroll of vulnerability {unknown}
 g - 3 scrolls of teleportation {unknown}
 l - 2 scrolls of brand weapon {unknown}
 m - 2 scrolls of amnesia {unknown}
 n - 2 scrolls of enchant weapon {unknown}
 q - a scroll of enchant armour {unknown}
 v - a scroll of silence {unknown}
 y - a scroll of fear {unknown}
Potions
 b - a potion of magic
 d - 4 potions of haste
 f - 2 potions of brilliance {unknown}
 h - 4 potions of heal wounds {unknown}
 k - 2 potions of lignification {unknown}
 p - 2 potions of ambrosia {unknown}
 r - 3 potions of curing {unknown}
 t - a potion of berserk rage {unknown}
 u - a potion of degeneration {unknown}
 A - a potion of might {unknown}
 C - a potion of attraction {unknown}


   Skills:
 + Level 0.4 Fighting
 + Level 0.2 Short Blades
 + Level 2.7 Dodging
 + Level 3.2 Stealth
 * Level 8.9 Spellcasting
 * Level 12.2 Conjurations
 + Level 3.6 Fire Magic
 + Level 0.4 Air Magic
 + Level 0.1 Poison Magic


You had 15 spell levels left.
You knew the following spells:

 Your Spells              Type           Power      Damage    Failure   Level
a - Magic Dart            Conj           100%       1d8       1%          1
b - Searing Ray           Conj           100%       2d8       1%          2
c - Iskenderun's Mystic   Conj/Tloc      38%        2d9       1%          4
d - Foxfire               Conj/Fire      100%       2x1d9     1%          1
e - Poisonous Vapours     Pois/Air       22%        N/A       3%          2

Your spell library contained the following spells:

 Spells                   Type           Power      Damage    Failure   Level
 Dazzling Flash           Conj/Hex       76%        N/A       1%          3
 Fulminant Prism          Conj/Hex       19%        3d11      1%          4
 Sublimation of Blood     Necr           10%        N/A       4%          2
 Irradiate                Conj/Tmut      19%        3d18      6%          5
 Cause Fear               Hex            5%         N/A       26%         4
 Petrify                  Tmut/Erth      10%        N/A       26%         4
 Silence                  Hex/Air        5%         N/A       52%         5
 Agony                    Necr           10%        N/A       54%         5
 Dragon Form              Tmut           5%         N/A       100%        7
 Dragon's Call            Summ           5%         N/A       100%        9


Dungeon Overview and Level Annotations

Branches:
Dungeon (8/15)             Temple (1/1) D:6           Sewer (visited)
   Lair: D:8-11

Altars:
Ashenzari
Cheibriados
Dithmenos
Elyvilon
Fedhas
Gozag
Hepliaklqana
Kikubaaqudgha
Makhleb
Nemelex Xobeh
Okawaru
Qazlal
Ru
Sif Muna
Trog
Uskayaw
Vehumet
Wu Jian
Xom
Zin
The Shining One

Shops:
D:3 [   D:4 (


Innate Abilities, Weirdness & Mutations

You have a beak for a mouth.
You have claws for feet.
Your magical nature lets you fly swiftly and evasively.


Message History

You resist with some effort.
The foxfire hits the jelly.
The jelly is almost dead.
The foxfire hits the jelly.
You kill the jelly!
Vehumet accepts your kill.
You feel your power returning.
You conjure some foxfire!
The foxfire hits the vampire but does no damage.
The vampire is moderately damaged.
The vampire casts a spell.
The vampire flickers and vanishes!
Deactivating autopickup; reactivate with Ctrl-A.
You conjure some foxfire!
The foxfire hits something but does no damage.
You conjure some foxfire!
The foxfire hits something but does no damage.
The foxfire hits something. x2
You conjure some foxfire!
The foxfire hits something.
You conjure some foxfire!
The foxfire hits something but does no damage. x2
The foxfire hits something.
You conjure some foxfire!
The foxfire hits something but does no damage.
The foxfire hits something.
Something hits you. Something barely misses you.
You conjure some foxfire!
The foxfire hits something but does no damage. x2
Something draws life force from you!
You conjure some foxfire!
The foxfire hits something. x2; Something hits you!
Something bites you!
Something draws strength from your injuries!
Your foxfire dissipates!
The foxfire hits something.
You are too injured to fight recklessly!
You hit something. You burn something. Your kick misses something.
You peck something. Something draws life force from you!
* * * LOW HITPOINT WARNING * * *
Something hits you but does no damage. Something completely misses you.
It was a potion of haste.
You feel yourself speed up. Something hits you but does no damage.
Something bites you!
You die...

#...............#.......##
#.#.#..###..###.##....<##
#.#..# #....#.###...## #
#..#.#..###......##
............####.#
##..###..###.# #.#
...#....#.#.## #.#
#..###..#.#..# ...
...[...@{.# ...
#.#####$.......#
###.###.## .# .. ###


There were no monsters in sight!

Vanquished Creatures
  Joseph (D:7)
  Menkaure (D:7)
  Duvessa (D:7)
  2 water moccasins
  3 black bears
  2 ice beasts
  2 sky beasts (D:7)
  2 ogres (D:6)
  3 phantoms
  4 kobold brigands (Sewer)
  3 scorpions
  2 bullfrogs
  Dowan (D:7)
  Crazy Yiuf (D:7)
  3 jellies
  An orc priest (D:8)
  5 hounds
  3 iguanas
  An orc wizard (D:8)
  4 gnolls (D:6)
  11 adders
  3 river rats
  A shadow imp (D:5)
  A white imp (D:4)
  An ufetubus (D:5)
  4 worms
  3 dart slugs
  9 orcs
  8 ball pythons
  5 bats
  8 endoplasms
  5 giant cockroaches
  6 goblins
  7 hobgoblins
  6 jackals
  11 kobolds
  4 quokkas (D:2)
  6 frilled lizards
  14 rats
158 creatures vanquished.

Vanquished Creatures (others)
  257 foxfires
  17 plants (D:6)
274 creatures vanquished.

Grand Total: 432 creatures vanquished

Notes
Turn   | Place    | Note
-------+----------+-------------------------------------------
     0 | D:1      | greenreed the Tengu Conjurer began the quest for the Orb.
     0 | D:1      | Reached XP level 1. HP: 10/10 MP: 4/4
   116 | D:1      | Reached XP level 2. HP: 15/15 MP: 3/6
   177 | D:1      | Reached skill level 6 in Conjurations
   645 | D:1      | Reached XP level 3. HP: 19/19 MP: 3/7
   765 | D:1      | Learned a level 2 spell: Searing Ray
  1355 | D:2      | Found a hazy altar of Hepliaklqana.
  1556 | D:2      | Reached XP level 4. HP: 24/24 MP: 5/8
  1629 | D:2      | Reached skill level 7 in Conjurations
  2328 | D:3      | Found Jaadyp's Antique Armour Emporium.
  2407 | D:3      | Gained mutation: Your magical nature lets you fly swiftly
                  | and evasively. [Tengu growth]
  2407 | D:3      | Reached XP level 5. HP: 25/28 MP: 2/10
  2498 | D:3      | You are sucked into a shaft and drop 3 floors!
  2540 | D:6      | Noticed an ogre
  2600 | D:6      | Killed an ogre
  2695 | D:6      | Noticed a water moccasin
  2701 | D:6      | Killed a water moccasin
  2702 | D:6      | Reached skill level 8 in Conjurations
  2702 | D:6      | Reached XP level 6. HP: 32/32 MP: 4/13
  2864 | D:6      | Found a staircase to the Ecumenical Temple.
  2897 | D:6      | Reached XP level 7. HP: 14/36 MP: 6/15
  3165 | Temple   | Entered the Ecumenical Temple
  3172 | Temple   | Became a worshipper of Vehumet
  3233 | D:6      | Reached skill level 9 in Conjurations
  3263 | D:6      | Reached skill level 5 in Spellcasting
  3828 | D:5      | Entered Level 5 of the Dungeon
  3920 | D:5      | Found a broken altar of Ashenzari.
  3939 | D:5      | Reached XP level 8. HP: 42/42 MP: 11/17
  4100 | D:5      | Reached skill level 10 in Conjurations
  4346 | D:5      | Found a bloodstained altar of Trog.
  4645 | D:5      | Learned a level 4 spell: Iskenderun's Mystic Blast
  4684 | D:4      | Found Kivom's Antique Weapon Emporium.
  4732 | D:4      | Found an opulent altar of Gozag.
  4801 | D:4      | Found a glowing drain.
  4805 | Sewer    | Entered a sewer
  5062 | Sewer    | Reached * piety under Vehumet
  5062 | Sewer    | Offered knowledge of Foxfire by Vehumet.
  5070 | Sewer    | Learned a level 1 spell: Foxfire
  5460 | Sewer    | Reached skill level 11 in Conjurations
  5724 | D:4      | Reached skill level 1 in Fire Magic
  5724 | D:4      | Reached XP level 9. HP: 46/46 MP: 14/20
  5901 | D:4      | Found a sparkling altar of Nemelex Xobeh.
  6464 | D:3      | Reached ** piety under Vehumet
  6484 | D:3      | Found a hazy altar of Hepliaklqana.
  6871 | D:7      | Noticed Joseph
  6871 | D:7      | Noticed Duvessa
  6871 | D:7      | Noticed Dowan
  7002 | D:7      | Offered knowledge of Poisonous Vapours by Vehumet.
  7008 | D:7      | Learned a level 2 spell: Poisonous Vapours
  7015 | D:7      | Noticed Menkaure
  7025 | D:7      | Killed Menkaure
  7213 | D:7      | Killed Duvessa
  7306 | D:7      | Killed Dowan
  7334 | D:7      | Found a runed translucent door.
  7335 | D:7      | Noticed Crazy Yiuf
  7344 | D:7      | Killed Crazy Yiuf
  7591 | D:7      | Killed Joseph
  7592 | D:7      | Reached skill level 12 in Conjurations
  7873 | D:8      | Found an ornate altar of the Wu Jian Council.
  7991 | D:8      | Slain by a vampire

Illustrated notes

Levels and vault maps discovered:
D:1:      lemuel_arrival_funnel, layout_basic, hangedman_decor_slide_cut,
          hangedman_decor_points
D:2:      layout_rooms, basic_altar
D:3:      layout_basic, overflow_temple_1_default, serial_shops,
          nicolae_shop_crystal
D:4:      layout_rooms, grunt_gozag_breadcrumbs,
          nemelex_xobeh_ov_fountains_minmay, gup_sewer_entry_bowl, serial_shops,
          nicolae_shop_behind_doors
D:5:      layout_cave_pools, kennysheep_mini_moat, mainiacjoe_overflow_paths
D:6:      layout_basic, minmay_temple_entry_gardened_gates, hex_intersection,
          serial_bayou_crossing
D:7:      layout_rooms, uniq_joseph, uniq_duvessa, uniq_crazy_yiuf_cottage,
          uniq_menkaure
D:8:      nzn_winding_woodlands_medium [nzn_winding_woodlands_5x5_checkerboard,
          nzn_winding_woodlands_5x15_cabin, nzn_winding_woodlands_5x5_cross,
          nzn_winding_woodlands_5x5_three,
          nzn_winding_woodlands_center_pierced_h,
          nzn_winding_woodlands_5x5_default,
          nzn_winding_woodlands_5x5_open_star,
          nzn_winding_woodlands_5x15_parted,
          nzn_winding_woodlands_5x5_perimeter], layout_loops_corners,
          mainiacjoe_overflow_small_starburst, minmay_misc_feat_nine_boxes,
          minivault_5
Temple:   nicolae_temple_no_exploring_needed

Skill      XL: |  1  2  3  4  5  6  7  8  9 |
---------------+----------------------------+-----
Conjurations   | 6 7 8 9 11 12 | 12.2
Spellcasting   | 4 5 7 8 |  8.9
Stealth        | 3 |  3.2
Fire Magic     | 1 3 |  3.6
Fighting       | |  0.4
Short Blades   | |  0.2
Dodging        | |  2.7
Air Magic      | |  0.4
Poison Magic   | |  0.1

Action                   |  1- 3 |  4- 6 |  7- 9 || total
-------------------------+-------+-------+-------++-------
Melee: Short sword       |     7 |       |    11 ||    18
       Kick              |       |       |     5 ||     5
       Peck              |       |       |     5 ||     5
       Rapier            |       |       |     3 ||     3
 Cast: Magic Dart        |    61 |    54 |   114 ||   229
       Searing Ray       |       |     6 |    10 ||    16
       Foxfire           |       |       |   162 ||   162
       Poisonous Vapours |       |       |     4 ||     4
       Iskenderun's Myst |       |       |     3 ||     3
  Use: Potion            |       |       |     1 ||     1
 Stab: Sleeping          |       |       |     1 ||     1
Armor: Robe              |     1 |     1 |    12 ||    14
Dodge: Dodged            |     5 |     9 |    54 ||    68

Table legend: (Time is in decaauts)
 A = Elapsed time spent in this place.
 B = Non-inter-level travel time spent in this place.
 C = Inter-level travel time spent in this place.
 D = Time resting spent in this place.
 E = Time spent auto-exploring this place.
 F = Levels seen in this place.
 G = Mean time per level.
                   A        B        C        D        E       F      G
               +--------+--------+--------+--------+--------+-----+--------+
         Total |   7663 |   7309 |    354 |    364 |   5784 |  10 |  766.3 |
       Dungeon |   6796 |   6452 |    344 |    328 |   5155 |   8 |  849.5 |
        Temple |     13 |      3 |     10 |      0 |      0 |   1 |   13.0 |
         Sewer |    852 |    852 |      0 |     36 |    628 |   1 |  852.0 |
               +--------+--------+--------+--------+--------+-----+--------+

Top non-repeatable levels by time:
     D:6: 1453 daAuts
     D:1: 1228 daAuts
     D:2: 971 daAuts
     D:3: 939 daAuts
   Sewer: 852 daAuts
     D:7: 837 daAuts
     D:5: 734 daAuts
     D:4: 513 daAuts
     D:8: 118 daAuts
  Temple: 13 daAuts
